| TOP OF THE 1ST |
|
Grand Junction Rockies batting - Pitching for Johnson City Cardinals : RHP Rob Halley
|
|
Pitching: RHP Rob Halley
|
|
|
Batting: RHB Gashie Chimsima
|
0-0: Called Strike 0-1: Ball 1-1: Foul Ball, location: 2F 1-2: Ball 2-2: Ball 3-2: Foul Ball, location: 2F 3-2: Ground out 6-3 (Groundball, 6, EV 86.2 MPH)
|
|
Batting: SHB Justin Jackson
|
0-0: Called Strike 0-1: Foul Ball, location: 2F 0-2: Ball 1-2: SINGLE (Groundball, 34D, EV 104.4 MPH)
|
|
Batting: RHB Dan Hoffman
|
0-0: Called Strike 0-1: Ball 1-1: Ball 2-1: Grounds into double play, 6-4-3 (Groundball, 6, EV 85.6 MPH)
|
| Top of the 1st over - 0 runs, 1 hit, 0 errors, 0 left on base; Grand Junction 0 - Johnson City 0 |
| BOTTOM OF THE 1ST |
|
Johnson City Cardinals batting - Pitching for Grand Junction Rockies : LHP Josh Alvarez
|
|
Pitching: LHP Josh Alvarez
|
|
|
Batting: RHB Mario Carbajal
|
0-0: Ball 1-0: Ground out 5-3 (Groundball, 56S, EV 89.4 MPH)
|
|
Batting: SHB J.T. Ready
|
0-0: Called Strike 0-1: Ball 1-1: Ground out 6-3 (Groundball, 6, EV 82.5 MPH)
|
|
Batting: RHB Arnold Schuler
|
0-0: Foul Ball, location: 2F 0-1: Swinging Strike 0-2: Strikes out swinging
|
| Bottom of the 1st over - 0 runs, 0 hits, 0 errors, 0 left on base; Grand Junction 0 - Johnson City 0 |
| TOP OF THE 2ND |
|
Grand Junction Rockies batting - Pitching for Johnson City Cardinals : RHP Rob Halley
|
|
Batting: LHB Tom Bemis
|
0-0: Ball 1-0: Called Strike 1-1: Ball 2-1: Ball 3-1: Called Strike 3-2: Base on Balls
|
|
Batting: RHB Ryan Ward
|
0-0: Fly out, F8 (Flyball, 8RM, EV 86.2 MPH)
|
|
Batting: LHB Georges Lambert
|
0-0: Reached on error, E6 (Groundball, 6, EV 88.8 MPH) Tom Bemis to second
|
|
Batting: RHB Edwin Bejarano
|
0-0: Called Strike 0-1: DOUBLE (Line Drive, 9LM, EV 107.5 MPH) Tom Bemis scores Georges Lambert to third Runner from 3rd tries for Home, SAFE, throw by RF to home
|
|
Batting: SHB J.D. Newman
|
0-0: Called Strike 0-1: Foul Ball, location: 2F 0-2: Ball 1-2: Strikes out swinging
|
|
Batting: RHB Tom Gentry
|
0-0: Ball 1-0: Ground out 4-3 (Groundball, 4, EV 90.0 MPH)
|
| Top of the 2nd over - 2 runs, 1 hit, 1 error, 1 left on base; Grand Junction 2 - Johnson City 0 |
| BOTTOM OF THE 2ND |
|
Johnson City Cardinals batting - Pitching for Grand Junction Rockies : LHP Josh Alvarez
|
|
Batting: RHB Jonathan Winkler
|
0-0: Ball 1-0: Ball 2-0: Fly out, F9 (Flyball, 9LS, EV 95.0 MPH)
|
|
Batting: SHB Brad Meyer
|
0-0: Ball 1-0: Foul Ball, location: 2F 1-1: Ball 2-1: Ball 3-1: Foul Ball, location: 2F 3-2: Ground out 5-3 (Groundball, 56, EV 106.2 MPH)
|
|
Batting: RHB Dan Wages
|
0-0: SINGLE (Groundball, 2L, EV 64.4 MPH) (infield hit)
|
|
Batting: LHB Doug Nebel
|
0-0: Foul Ball, location: 2F 0-1: Ball 1-1: Called Strike 1-2: Strikes out swinging
|
| Bottom of the 2nd over - 0 runs, 1 hit, 0 errors, 1 left on base; Grand Junction 2 - Johnson City 0 |
| TOP OF THE 3RD |
|
Grand Junction Rockies batting - Pitching for Johnson City Cardinals : RHP Rob Halley
|
|
Batting: RHB Gashie Chimsima
|
0-0: Ball 1-0: Ball 2-0: Ball 3-0: Base on Balls
|
|
Batting: SHB Justin Jackson
|
0-0: Ball 1-0: Ball 2-0: Foul Ball, location: 2F 2-1: Called Strike 2-2: Foul Ball, location: 2F 2-2: Ball Gashie Chimsima is caught stealing 2nd base 2-6 3-2: Ground out 5-3 (Groundball, 6, EV 81.2 MPH)
|
|
Batting: RHB Dan Hoffman
|
0-0: Foul Ball, location: 2F 0-1: Ball 1-1: Ground out 1-3 (Groundball, 13S, EV 61.9 MPH)
|
| Top of the 3rd over - 0 runs, 0 hits, 0 errors, 0 left on base; Grand Junction 2 - Johnson City 0 |
| BOTTOM OF THE 3RD |
|
Johnson City Cardinals batting - Pitching for Grand Junction Rockies : LHP Josh Alvarez
|
|
Batting: LHB Pete Mitchell
|
0-0: Swinging Strike 0-1: Swinging Strike 0-2: Foul Ball, location: 2F 0-2: Ball 1-2: Strikes out swinging
|
|
Batting: SHB Felipe Campanella
|
0-0: Ball 1-0: Ball 2-0: SOLO HOME RUN (Flyball, 7D, EV 105.0 MPH), Distance : 393 ft
|
|
Batting: RHB Mario Carbajal
|
0-0: Swinging Strike 0-1: Ball 1-1: Foul Ball, location: 2F 1-2: Foul Ball, location: 2F 1-2: Foul Ball, location: 2F 1-2: SOLO HOME RUN (Flyball, 7D, EV 101.9 MPH), Distance : 381 ft
|
|
Batting: SHB J.T. Ready
|
0-0: Called Strike 0-1: Ball 1-1: Foul Ball, location: 2F 1-2: Ground out 6-3 (Groundball, 6, EV 95.6 MPH)
|
|
Batting: RHB Arnold Schuler
|
0-0: Ground out 4-3 (Groundball, 4, EV 84.4 MPH)
|
| Bottom of the 3rd over - 2 runs, 2 hits, 0 errors, 0 left on base; Grand Junction 2 - Johnson City 2 |
| TOP OF THE 4TH |
|
Grand Junction Rockies batting - Pitching for Johnson City Cardinals : RHP Rob Halley
|
|
Batting: LHB Tom Bemis
|
0-0: Called Strike 0-1: Called Strike 0-2: Foul Ball, location: 2F 0-2: Strikes out swinging
|
|
Batting: RHB Ryan Ward
|
0-0: Ball 1-0: Ground out 6-3 (Groundball, 6, EV 87.5 MPH)
|
|
Batting: LHB Georges Lambert
|
0-0: Foul Ball, location: 2F 0-1: Fly out, F5 (Line Drive, 56D, EV 68.8 MPH)
|
| Top of the 4th over - 0 runs, 0 hits, 0 errors, 0 left on base; Grand Junction 2 - Johnson City 2 |
| BOTTOM OF THE 4TH |
|
Johnson City Cardinals batting - Pitching for Grand Junction Rockies : LHP Josh Alvarez
|
|
Batting: RHB Jonathan Winkler
|
0-0: Ball 1-0: Called Strike 1-1: Foul Ball, location: 2F 1-2: Fly out, F9 (Flyball, 89M, EV 75.6 MPH)
|
|
Batting: SHB Brad Meyer
|
0-0: Ball 1-0: Ball 2-0: Foul Ball, location: 2F 2-1: Foul Ball, location: 2F 2-2: Ball 3-2: Foul Ball, location: 2F 3-2: Foul Ball, location: 2F 3-2: Strikes out looking
|
|
Batting: RHB Dan Wages
|
0-0: Ball 1-0: Called Strike 1-1: Swinging Strike 1-2: Strikes out looking
|
| Bottom of the 4th over - 0 runs, 0 hits, 0 errors, 0 left on base; Grand Junction 2 - Johnson City 2 |
| TOP OF THE 5TH |
|
Grand Junction Rockies batting - Pitching for Johnson City Cardinals : RHP Rob Halley
|
|
Batting: RHB Edwin Bejarano
|
0-0: Ball 1-0: Called Strike 1-1: Ball 2-1: Ground out 5-3 (Groundball, 5S, EV 89.4 MPH)
|
|
Batting: SHB J.D. Newman
|
0-0: Ball 1-0: Called Strike 1-1: Swinging Strike 1-2: Ball 2-2: Strikes out looking
|
|
Batting: RHB Tom Gentry
|
0-0: Foul Ball, location: 2F 0-1: Fly out, F4 (Popup, 3DF, EV 50.6 MPH)
|
| Top of the 5th over - 0 runs, 0 hits, 0 errors, 0 left on base; Grand Junction 2 - Johnson City 2 |
| BOTTOM OF THE 5TH |
|
Johnson City Cardinals batting - Pitching for Grand Junction Rockies : LHP Josh Alvarez
|
|
Batting: LHB Doug Nebel
|
0-0: Called Strike 0-1: SINGLE (Groundball, 4MD, EV 100.0 MPH)
|
|
Batting: LHB Pete Mitchell
|
0-0: Ball 1-0: Swinging Strike 1-1: Fielders Choice at 2nd, 4-6 (Groundball, 34, EV 83.8 MPH)
|
|
Batting: SHB Felipe Campanella
|
0-0: Grounds into double play, 5-4-3 (Groundball, 56S, EV 78.8 MPH)
|
| Bottom of the 5th over - 0 runs, 1 hit, 0 errors, 0 left on base; Grand Junction 2 - Johnson City 2 |
| TOP OF THE 6TH |
|
Grand Junction Rockies batting - Pitching for Johnson City Cardinals : RHP Rob Halley
|
|
Batting: RHB Gashie Chimsima
|
0-0: Foul Ball, location: 2F 0-1: Called Strike 0-2: Strikes out swinging
|
|
Batting: SHB Justin Jackson
|
0-0: Ball 1-0: Ball 2-0: Foul Ball, location: 2F 2-1: Foul Ball, location: 2F 2-2: Foul Ball, location: 2F 2-2: Foul Ball, location: 2F 2-2: SINGLE (Groundball, 4MD, EV 100.0 MPH)
|
|
Batting: RHB Dan Hoffman
|
0-0: Ball 1-0: Ball 2-0: Ball 3-0: Base on Balls Justin Jackson to second
|
|
Pitching: RHP Ricky Enriquez
|
|
|
Batting: LHB Tom Bemis
|
0-0: Called Strike 0-1: Ball 1-1: Ball 2-1: Ball 3-1: Foul Ball, location: 2F 3-2: Base on Balls Justin Jackson to third Dan Hoffman to second
|
|
Batting: RHB Ryan Ward
|
0-0: SINGLE (Groundball, 34, EV 106.9 MPH) Justin Jackson scores Dan Hoffman to third Tom Bemis to second
|
|
Batting: LHB Georges Lambert
|
0-0: Ball 1-0: Foul Ball, location: 2F 1-1: DOUBLE (Groundball, 3L, EV 100.6 MPH) Dan Hoffman scores Tom Bemis scores Ryan Ward to third
|
|
Batting: RHB Edwin Bejarano
|
0-0: Fly out, F5 (Popup, 5SF, EV 75.0 MPH)
|
|
Batting: SHB J.D. Newman
|
0-0: Intentional Walk
|
|
Batting: RHB Tom Gentry
|
0-0: Called Strike 0-1: Foul Ball, location: 2F 0-2: Strikes out swinging
|
| Top of the 6th over - 3 runs, 3 hits, 0 errors, 3 left on base; Grand Junction 5 - Johnson City 2 |
| BOTTOM OF THE 6TH |
|
Johnson City Cardinals batting - Pitching for Grand Junction Rockies : LHP Josh Alvarez
|
|
Batting: RHB Mario Carbajal
|
0-0: Ball 1-0: Called Strike 1-1: Ball 2-1: Ball 3-1: Foul Ball, location: 2F 3-2: Strikes out looking
|
|
Batting: SHB J.T. Ready
|
0-0: Ball 1-0: SINGLE (Line Drive, 4D, EV 98.8 MPH)
|
|
Batting: RHB Arnold Schuler
|
0-0: Ground out 5-3 (Groundball, 56, EV 103.1 MPH) J.T. Ready to second
|
|
Batting: RHB Jonathan Winkler
|
0-0: Ball 1-0: Called Strike 1-1: Ball 2-1: Ball 3-1: SINGLE (Groundball, 3D, EV 99.4 MPH) J.T. Ready to third Runner from 3rd tries for Home, SAFE, throw by RF to home Jonathan Winkler to second
|
|
Batting: SHB Brad Meyer
|
0-0: SINGLE (Groundball, 4MD, EV 93.8 MPH) Jonathan Winkler to third
|
|
Batting: RHB Dan Wages
|
0-0: Ball 1-0: Fielders Choice at 2nd, 6-4 (Groundball, 6, EV 84.4 MPH)
|
| Bottom of the 6th over - 1 run, 3 hits, 0 errors, 2 left on base; Grand Junction 5 - Johnson City 3 |
| TOP OF THE 7TH |
|
Grand Junction Rockies batting - Pitching for Johnson City Cardinals : RHP Ricky Enriquez
|
|
Batting: RHB Gashie Chimsima
|
0-0: Ball 1-0: DOUBLE (Line Drive, 78D, EV 109.4 MPH)
|
|
Batting: SHB Justin Jackson
|
0-0: Reached on error, E3 (Groundball, 3, EV 79.4 MPH) Gashie Chimsima to third
|
|
Batting: RHB Dan Hoffman
|
0-0: Ball 1-0: Ground out 5-3 (Groundball, 56, EV 88.8 MPH) Gashie Chimsima scores Justin Jackson to second
|
|
Batting: LHB Tom Bemis
|
0-0: Called Strike 0-1: Foul Ball, location: 2F 0-2: Strikes out swinging
|
|
Batting: RHB Ryan Ward
|
0-0: Ball 1-0: Called Strike 1-1: Foul Ball, location: 2F 1-2: Ball 2-2: Strikes out swinging
|
| Top of the 7th over - 1 run, 1 hit, 1 error, 1 left on base; Grand Junction 6 - Johnson City 3 |
| BOTTOM OF THE 7TH |
|
Johnson City Cardinals batting - Pitching for Grand Junction Rockies : LHP Josh Alvarez
|
|
Pitching: RHP Alex Covarrubias
|
|
|
Batting: LHB Doug Nebel
|
0-0: Called Strike 0-1: Foul Ball, location: 2F 0-2: Ball 1-2: Strikes out looking
|
|
Batting: LHB Pete Mitchell
|
0-0: Ball 1-0: Fly out, F7 (Flyball, 78M, EV 88.8 MPH)
|
|
Batting: SHB Felipe Campanella
|
0-0: Ball 1-0: Ball 2-0: Reached on error, E6 (Groundball, 6, EV 100.0 MPH)
|
|
Batting: RHB Mario Carbajal
|
0-0: Ball 1-0: Ball 2-0: Called Strike 2-1: Ball 3-1: Base on Balls Felipe Campanella to second
|
|
Batting: SHB J.T. Ready
|
0-0: Swinging Strike 0-1: Foul Ball, location: 2F 0-2: Ball 1-2: Ground out 6-3 (Groundball, 56D, EV 110.0 MPH)
|
| Bottom of the 7th over - 0 runs, 0 hits, 1 error, 2 left on base; Grand Junction 6 - Johnson City 3 |
| TOP OF THE 8TH |
|
Grand Junction Rockies batting - Pitching for Johnson City Cardinals : RHP Ricky Enriquez
|
|
Batting: LHB Georges Lambert
|
0-0: Ball 1-0: Called Strike 1-1: Ground out 4-3 (Groundball, 4, EV 80.0 MPH)
|
|
Batting: RHB Edwin Bejarano
|
0-0: Ball 1-0: Called Strike 1-1: Called Strike 1-2: Strikes out swinging
|
|
Batting: SHB J.D. Newman
|
0-0: Foul Ball, location: 2F 0-1: Foul Ball, location: 2F 0-2: Foul Ball, location: 2F 0-2: Ball 1-2: Ball 2-2: Strikes out swinging
|
| Top of the 8th over - 0 runs, 0 hits, 0 errors, 0 left on base; Grand Junction 6 - Johnson City 3 |
| BOTTOM OF THE 8TH |
|
Johnson City Cardinals batting - Pitching for Grand Junction Rockies : RHP Alex Covarrubias
|
|
Batting: RHB Arnold Schuler
|
0-0: Ball 1-0: SINGLE (Flyball, 8RS, EV 94.4 MPH)
|
|
Batting: RHB Jonathan Winkler
|
0-0: DOUBLE (Line Drive, 8RXD, EV 108.1 MPH) Arnold Schuler to third
|
|
Batting: SHB Brad Meyer
|
0-0: Called Strike 0-1: Ball 1-1: Called Strike 1-2: Ball 2-2: Foul Ball, location: 2F 2-2: Strikes out swinging
|
|
Batting: RHB Dan Wages
|
0-0: Ball 1-0: Called Strike 1-1: Ball 2-1: Fly out, F7 (Flyball, 7S, EV 86.9 MPH)
|
|
Batting: LHB Doug Nebel
|
0-0: SINGLE (Line Drive, 8RS, EV 101.2 MPH) Arnold Schuler scores Jonathan Winkler to third Runner from 3rd tries for Home, SAFE, throw by CF to home
|
|
Pitching: RHP Diego Arredondo
|
|
|
Batting: LHB Pete Mitchell
|
0-0: Ball 1-0: Ball 2-0: Called Strike 2-1: Called Strike 2-2: Strikes out swinging
|
| Bottom of the 8th over - 2 runs, 3 hits, 0 errors, 1 left on base; Grand Junction 6 - Johnson City 5 |
| TOP OF THE 9TH |
|
Grand Junction Rockies batting - Pitching for Johnson City Cardinals : RHP Ricky Enriquez
|
|
Batting: RHB Tom Gentry
|
0-0: Ball 1-0: Ball 2-0: Swinging Strike 2-1: Called Strike 2-2: Strikes out looking
|
|
Batting: RHB Gashie Chimsima
|
0-0: Ball 1-0: Ground out 4-3 (Groundball, 4D, EV 88.8 MPH)
|
|
Batting: SHB Justin Jackson
|
0-0: Ball 1-0: DOUBLE (Flyball, 8LD, EV 103.8 MPH)
|
|
Pitching: RHP Steve Langlois
|
|
|
Batting: RHB Dan Hoffman
|
0-0: Ball 1-0: Ball 2-0: Ground out 4-3 (Groundball, 4, EV 91.9 MPH)
|
| Top of the 9th over - 0 runs, 1 hit, 0 errors, 1 left on base; Grand Junction 6 - Johnson City 5 |
| BOTTOM OF THE 9TH |
|
Johnson City Cardinals batting - Pitching for Grand Junction Rockies : RHP Diego Arredondo
|
|
Pitching: RHP Jim Crooks
|
|
|
Now at 1B: Joan Coucieiro
|
|
|
Batting: SHB Felipe Campanella
|
0-0: Foul Ball, location: 2F 0-1: Swinging Strike 0-2: Foul Ball, location: 2F 0-2: Ball 1-2: Strikes out looking
|
|
Batting: RHB Mario Carbajal
|
0-0: Ball 1-0: Ball 2-0: Ball 3-0: Base on Balls
|
|
Batting: SHB J.T. Ready
|
0-0: Called Strike 0-1: Ball 1-1: Swinging Strike 1-2: Foul Ball, location: 2F 1-2: Strikes out swinging
|
|
Batting: RHB Arnold Schuler
|
0-0: Foul Ball, location: 2F 0-1: Called Strike 0-2: Ball 1-2: Foul Ball, location: 2F 1-2: Foul Ball, location: 2F 1-2: Fly out, F7 (Flyball, 78D, EV 98.1 MPH)
|
| Bottom of the 9th over - 0 runs, 0 hits, 0 errors, 1 left on base; Grand Junction 6 - Johnson City 5 |
|